 Dungeon Crawl Stone Soup version 0.30.0-10-gfe55d96785 (webtiles) character file.

Game seed: 17386766374252440660

25771 Jarnaxa the Cleaver (level 12, -3/82 HPs)
             Began as a Demonspawn Monk on May 14, 2023.
             Was the Champion of Hepliaklqana.
             Slain by a skeletal warrior
             ... wielding a +1 halberd of protection
              (17 damage)
             ... on level 13 of the Dungeon.
             The game lasted 00:36:17 (12478 turns).

Jarnaxa the Cleaver (Demonspawn Monk)              Turns: 12478, Time: 00:36:17

Health: -3/82      AC: 33    Str: 16    XL:     12   Next: 92%
Magic:  20/20      EV:  3    Int: 13    God:    Hepliaklqana [******]
Gold:   631        SH: 11    Dex: 25    Spells: 11/11 levels left

rFire   . . .        b - +3 war axe "Zaomy" {speed, rElec rPois Int-5 Dex+3}
rCold   . . .        w - +0 buckler
rNeg    . . .        E - +1 crystal plate armour
rPois   +            h - +1 helmet
rElec   +            v - +1 cloak
rCorr   .            (no gloves)
SInv    .            r - +0 pair of boots
Will    .....        l - amulet of reflection Stlth
                     i - +6 ring of intelligence
HPRegen 0.33/turn    z - +6 ring of dexterity
MPRegen 0.17/turn

%: reflection
@: sanguine armoured
A: reduced essence, claws 1, demonic guardian 2, sanguine armour 2
a: Renounce Religion, Recall Ancestor, Ancestor Identity, Transference, Idealise


You were on level 13 of the Dungeon.
You worshipped Hepliaklqana.
Hepliaklqana was exalted by your worship.
You visited 1 branch of the dungeon, and saw 14 of its levels.

You collected 631 gold pieces.

Inventory:

Hand Weapons
 b - the +3 war axe "Zaomy" (weapon) {speed, rElec rPois Int-5 Dex+3}
   (You found it on level 3 of the Dungeon)

   Int:       It affects your intelligence (-5).
   Dex:       It affects your dexterity (+3).
   rElec:     It insulates you from electricity.
   rPois:     It protects you from poison.
Missiles
 k - 27 poisoned darts
Armour
 h - a +1 helmet (worn)
 r - a +0 pair of boots (worn)
 v - a +1 cloak (worn)
 w - a +0 buckler (worn)
 E - a +1 crystal plate armour (worn)
Jewellery
 i - a +6 ring of intelligence (left claw)
 l - an amulet of reflection (around neck)
 z - a +6 ring of dexterity (right claw)
 I - a ring of positive energy
Wands
 d - a wand of iceblast (6)
 o - a wand of paralysis (6)
 y - a wand of polymorph (2)
 C - a wand of digging (10)
 H - a wand of flame (24)
Scrolls
 a - 2 scrolls of fear
 q - 6 scrolls of poison
 t - 4 scrolls of teleportation
 u - 4 scrolls of amnesia
Potions
 c - a potion of ambrosia
 e - a potion of resistance {unknown}
 f - 3 potions of brilliance
 g - 2 potions of berserk rage {unknown}
 j - 3 potions of attraction {unknown}
 m - 4 potions of flight
 p - 3 potions of curing {unknown}
 s - a potion of might {unknown}
 A - 3 potions of lignification {unknown}
 B - a potion of haste
 D - a potion of mutation
 F - a potion of heal wounds
 G - a potion of invisibility
 N - a potion of magic
Miscellaneous
 x - a phial of floods (inert)
 O - a lightning rod (4/4)


   Skills:
 + Level 7.6 Fighting
 * Level 14.3(14.4) Axes
 - Level 3.5(9.9) Maces & Flails
 + Level 5.8 Armour
 + Level 4.9 Dodging
 + Level 4.9 Stealth
 + Level 4.4 Shields
 * Level 11.1 Invocations
 + Level 0.4 Evocations


You had 11 spell levels left.
You didn't know any spells.
Your spell library contained the following spells:

 Spells                   Type           Power      Damage    Failure   Level
 Kiss of Death            Conj/Necr      0%         2d5       100%        1
 Sting                    Tmut/Pois      0%         1d3       100%        1
 Call Imp                 Summ           0%         N/A       100%        2
 Cigotuvi's Dreadful Rot  Necr/Pois/Air  0%         N/A       100%        2
 Lesser Beckoning         Tloc           0%         N/A       100%        2
 Call Canine Familiar     Summ           0%         N/A       100%        3
 Confusing Touch          Hex            0%         N/A       100%        3
 Gell's Gravitas          Tloc           0%         N/A       100%        3
 Portal Projectile        Hex/Tloc       0%         N/A       100%        3
 Stone Arrow              Conj/Erth      0%         3d7       100%        3
 Teleport Other           Tloc           0%         N/A       100%        3
 Animate Armour           Summ/Erth      0%         N/A       100%        4
 Animate Dead             Necr           0%         N/A       100%        4
 Cause Fear               Hex            0%         N/A       100%        4
 Dispel Undead            Necr           0%         3d6       100%        4
 Leda's Liquefaction      Hex/Erth       0%         N/A       100%        4
 Borgnjor's Vile Clutch   Necr/Erth      0%         N/A       100%        5
 Death Channel            Necr           0%         N/A       100%        6
 Dragon Form              Tmut           0%         N/A       100%        7
 Summon Hydra             Summ           0%         N/A       100%        7
 Lehudib's Crystal Spear  Conj/Erth      0%         10d2      100%        8
 Dragon's Call            Summ           0%         N/A       100%        9


Dungeon Overview and Level Annotations

Branches:
Dungeon (14/15)            Temple (0/1) D:6            Lair (0/5) D:10
    Orc (0/2) D:12
 Vaults: D:13-14

Altars:
Dithmenos
Gozag
Hepliaklqana
Kikubaaqudgha
Makhleb
Ru
Sif Muna
Trog
Uskayaw
Vehumet
Wu Jian
Yredelemnul

Shops:
D:3 ?[   D:4 *   D:11 (   D:13 (


Innate Abilities, Weirdness & Mutations

Your life essence is reduced to manifest your ancestor. (-10% HP)
You have sharp fingernails.
A demonic guardian rushes to your aid.
When seriously injured, your blood forms thick armour. (AC +9)


Message History

The skeletal warrior is lightly damaged.
You block the skeletal warrior's attack.
Tawil hits the skeletal warrior with a +0 dagger of draining.
You hit the skeletal warrior but do no damage.
The skeletal warrior is moderately damaged.
Tawil hits the skeletal warrior but does no damage.
You hit the skeletal warrior but do no damage.
The skeletal warrior is moderately damaged.
You block the skeletal warrior's attack.
Tawil hits the skeletal warrior but does no damage.
You closely miss the skeletal warrior.
The skeletal warrior is moderately damaged.
Tawil hits the skeletal warrior but does no damage.
You slash the skeletal warrior!
The skeletal warrior is heavily damaged.
The skeletal warrior hits you with a +1 halberd of protection!
Tawil hits the skeletal warrior with a +0 dagger of draining.
You slash the skeletal warrior!
The skeletal warrior is severely damaged.
Tawil hits the skeletal warrior with a +0 dagger of draining!
You closely miss the skeletal warrior.
The skeletal warrior is almost destroyed.
The skeletal warrior hits you with a +1 halberd of protection!
* * * LOW HITPOINT WARNING * * *
Tawil closely misses the skeletal warrior.
You hit the skeletal warrior but do no damage.
The skeletal warrior is severely damaged.
Tawil hits the skeletal warrior with a +0 dagger of draining.
You closely miss the skeletal warrior.
The skeletal warrior is almost destroyed.
The skeletal warrior hits you with a +1 halberd of protection!
* * * LOW HITPOINT WARNING * * *
A demonic guardian appears!
Tawil hits the skeletal warrior but does no damage.
You hit the skeletal warrior but do no damage.
The skeletal warrior is almost destroyed.
Tawil closely misses the skeletal warrior.
You swap places.
The skeletal warrior hits you from afar with a +1 halberd of protection!
You die...

### #.. #.# #.#
##############.##########
#.......@................
.####R4...)......######.
#z#######.##.# #. .## #.
#.##.# #. ####...###.
#.##.# #. #####<.........
#.##.# #. ......##...###.
#....# #. ####### ## #.
###..# #. #. ..# ###.


You could see the friendly Tawil the hexer, a skeletal warrior (ally target) and
a friendly rust devil (summoned).

Vanquished Creatures
  A two-headed ogre (D:12)
  2 skeletal warriors (D:13)
  Pikel (D:8)
  2 cyclopes (D:11)
  2 unseen horrors
  2 kobold demonologists (D:11)
  2 komodo dragons
  4 trolls
  A hornet (D:7)
  5 slime creatures (D:12)
  2 wyverns
  2 wraiths
  3 shadows
  20 yaks
  A vampire (D:12)
  2 vampire mosquitoes (D:13)
  2 steam dragons
  3 acid dragons
  2 sky beasts
  8 orc warriors
  A black bear (D:5)
  An ogre (D:7)
  4 centaurs
  4 phantoms
  5 kobold brigands
  2 lemures (D:8)
  4 bullfrogs
  A scorpion (D:5)
  5 killer bees (D:9)
  An electric eel (D:11)
  4 howler monkeys
  A centaur zombie (D:6)
  3 bullfrog zombies (D:6)
  6 hounds
  3 bullfrog skeletons (D:6)
  A centaur skeleton (D:6)
  7 orc priests
  3 iguanas
  3 orc wizards
  A killer bee zombie (D:6)
  A howler monkey zombie (D:6)
  A gnoll (D:1)
  A howler monkey skeleton (D:6)
  6 adders
  A shadow imp (D:7)
  A white imp (D:5)
  2 worms
  5 dart slugs (D:6)
  39 orcs
  A ball python (D:2)
  4 endoplasms
  2 giant cockroaches
  3 goblins
  6 hobgoblins
  8 jackals
  3 quokkas
  4 bats
  A frilled lizard (D:2)
  28 kobolds
  2 rats
  A spectral orc (D:7)
247 creatures vanquished.

Vanquished Creatures (collateral kills)
  Frances (D:12)
  A boulder beetle (D:11)
  4 two-headed ogres
  Sonja (D:11)
  Nergalle (D:10)
  A fire crab (shapeshifter) (D:12)
  2 skeletal warriors (D:13)
  2 deep elf pyromancers (D:12)
  Maurice (D:8)
  Prince Ribbit (D:8)
  Grinder (D:3)
  A wraith (D:12)
  3 yaks (D:10)
  2 wyverns
  2 vampire mosquitoes (D:13)
  A steam dragon (D:8)
  A water moccasin (D:7)
  A sky beast (D:7)
  An ice beast (D:6)
  A phantom (D:6)
  2 kobold brigands (D:11)
  2 scorpions
  A bullfrog (D:8)
  A killer bee (D:9)
  2 electric eels (D:6)
  2 howler monkeys
  A bullfrog zombie (D:6)
  A centaur zombie (D:6)
  A hound (D:7)
  2 orc priests (D:12)
  2 sleepcaps
  2 orc wizards (D:9)
  An iguana (D:4)
  A killer bee zombie (D:6)
  A howler monkey zombie (D:6)
  3 adders
  A shadow imp (D:8)
  6 dart slugs
  8 orcs
  2 bats (D:2)
  2 endoplasms
  4 jackals
  3 ball pythons
  2 frilled lizards
  3 kobolds
85 creatures vanquished.

Vanquished Creatures (others)
  An electric eel (D:6)
  6 hexers
7 creatures vanquished.

Grand Total: 339 creatures vanquished

Notes
Turn   | Place    | Note
-------+----------+-------------------------------------------
     0 | D:1      | Jarnaxa the Demonspawn Monk began the quest for the Orb.
     0 | D:1      | Reached XP level 1. HP: 18/18 MP: 1/1
    63 | D:1      | Gained mutation: A weak demonic guardian rushes to your
                  | aid. [demonic ancestry]
    63 | D:1      | Reached XP level 2. HP: 2/24 MP: 2/2
    63 | D:1      | HP: 1/24 [hobgoblin (1)]
   301 | D:1      | Found a faded altar of an unknown god.
   320 | D:1      | Prayed at the altar of an unknown god.
   320 | D:1      | Became a worshipper of Hepliaklqana the Forgotten
   320 | D:1      | Reached * piety under Hepliaklqana
   320 | D:1      | Reached ** piety under Hepliaklqana
   381 | D:1      | Remembered your ancestor Tawil as a hexer
   421 | D:1      | Reached *** piety under Hepliaklqana
  1167 | D:2      | Reached XP level 3. HP: 26/26 MP: 3/3
  1818 | D:3      | Identified the +3 war axe "Zaomy" {speed, rElec rPois Int-5
                  | Dex+3}
  1859 | D:3      | Reached XP level 4. HP: 30/31 MP: 4/4
  1878 | D:3      | Found Zeabb's Magic Scroll Emporium.
  1945 | D:3      | Found Taicei's Armour Shoppe.
  2169 | D:3      | Noticed Grinder
  2173 | D:3      | Paralysed by Grinder for 3 turns
  2179 | D:3      | Killed Grinder
  2180 | D:3      | Reached skill level 2 in Axes
  2180 | D:3      | Reached skill level 1 in Armour
  2180 | D:3      | Gained mutation: When seriously injured, your blood forms
                  | armour. (AC +9) [demonic ancestry]
  2180 | D:3      | Reached XP level 5. HP: 17/37 MP: 4/6
  2180 | D:3      | Reached XP level 6. HP: 20/43 MP: 4/7
  2398 | D:3      | Found a shimmering blue altar of Sif Muna.
  2754 | D:4      | Found Aqoti Fusac's Assorted Antiques.
  2790 | D:4      | Reached **** piety under Hepliaklqana
  2821 | D:4      | Reached skill level 3 in Axes
  3034 | D:4      | Found a burning altar of Makhleb.
  3073 | D:4      | Got the Book of Adjuration and Infection
  3383 | D:5      | Entered Level 5 of the Dungeon
  3428 | D:5      | Gained mutation: When seriously injured, your blood forms
                  | thick armour. (AC +9) [demonic ancestry]
  3428 | D:5      | Reached XP level 7. HP: 45/47 MP: 9/9
  3488 | D:5      | Reached skill level 4 in Axes
  3694 | D:5      | Reached skill level 5 in Axes
  3694 | D:5      | Reached skill level 1 in Stealth
  3998 | D:6      | Reached XP level 8. HP: 39/54 MP: 10/10
  4001 | D:6      | Reached skill level 1 in Shields
  4149 | D:6      | Reached skill level 6 in Axes
  4450 | D:6      | Found a staircase to the Ecumenical Temple.
  4484 | D:6      | Reached skill level 5 in Invocations
  4554 | D:6      | Reached skill level 7 in Axes
  4558 | D:6      | Reached XP level 9. HP: 45/60 MP: 11/13
  4885 | D:7      | Reached skill level 5 in Fighting
  4929 | D:7      | Reached skill level 8 in Axes
  5301 | D:7      | Reached ***** piety under Hepliaklqana
  5460 | D:7      | Found a basalt altar of Yredelemnul.
  5559 | D:7      | Reached skill level 9 in Axes
  5720 | D:8      | Noticed a komodo dragon
  5730 | D:8      | Killed a komodo dragon
  5731 | D:8      | Gained mutation: A demonic guardian rushes to your aid.
                  | [demonic ancestry]
  5731 | D:8      | Reached XP level 10. HP: 66/66 MP: 14/14
  5855 | D:8      | Noticed Pikel
  5881 | D:8      | Killed Pikel
  5949 | D:8      | Found a sacrificial altar of Ru.
  5998 | D:8      | Noticed Maurice
  6028 | D:8      | Killed Maurice
  6371 | D:8      | Reached skill level 10 in Axes
  6518 | D:8      | Noticed Prince Ribbit
  6524 | D:8      | Killed Prince Ribbit
  6784 | D:9      | Found an ancient bone altar of Kikubaaqudgha.
  7536 | D:9      | Reached skill level 11 in Axes
  7536 | D:9      | Reached XP level 11. HP: 63/72 MP: 17/17
  7785 | D:10     | Entered Level 10 of the Dungeon
  7912 | D:10     | Noticed a two-headed ogre
  7922 | D:10     | Killed a two-headed ogre
  8097 | D:10     | Noticed a two-headed ogre
  8105 | D:10     | Killed a two-headed ogre
  8232 | D:10     | Found a hide-covered altar of Uskayaw.
  8496 | D:10     | Noticed Nergalle
  8515 | D:10     | Killed Nergalle
  8516 | D:10     | Reached skill level 12 in Axes
  8660 | D:10     | Found a staircase to the Lair.
  8847 | D:10     | Found a radiant altar of Vehumet.
  8855 | D:10     | Found an opulent altar of Gozag.
  8855 | D:10     | You fall into a shaft and drop 3 floors!
  8887 | D:12     | Noticed a two-headed ogre
  9304 | D:10     | Found a hazy altar of Hepliaklqana.
  9304 | D:10     | Found an ornate altar of the Wu Jian Council.
  9316 | D:10     | Found a bloodstained altar of Trog.
  9320 | D:10     | Found a shadowy altar of Dithmenos.
  9395 | D:11     | Found Estepnem's Weapon Shoppe.
  9401 | D:11     | Noticed a sixfirhy
  9540 | D:12     | Killed a two-headed ogre
  9541 | D:12     | Reached skill level 5 in Armour
  9575 | D:13     | Noticed a green ugly thing
  9591 | D:12     | a redback changed into a fire crab
  9591 | D:12     | Noticed a fire crab (shapeshifter)
  9598 | D:12     | Killed a fire crab
  9751 | D:13     | Noticed a skeletal warrior
  9751 | D:13     | Noticed a skeletal warrior
  9765 | D:13     | Found Pitull's Weapon Boutique.
  9946 | D:12     | Gained mutation: You have sharp fingernails. [demonic
                  | ancestry]
  9946 | D:12     | Reached XP level 12. HP: 80/80 MP: 19/19
 10005 | D:12     | Found a staircase to the Orcish Mines.
 10113 | D:12     | Noticed Frances
 10118 | D:12     | Reached skill level 13 in Axes
 10118 | D:12     | Reached skill level 10 in Invocations
 10127 | D:12     | Killed Frances
 10342 | D:12     | Noticed a two-headed ogre
 10350 | D:12     | Killed a two-headed ogre
 11068 | D:11     | Noticed a two-headed ogre
 11084 | D:11     | Killed a two-headed ogre
 11189 | D:11     | Noticed a boulder beetle
 11211 | D:11     | Killed a boulder beetle
 11750 | D:11     | Noticed Sonja
 11759 | D:11     | Killed Sonja
 11760 | D:11     | Reached skill level 14 in Axes
 11787 | D:11     | Reached ****** piety under Hepliaklqana
 12386 | D:13     | Identified a scroll of acquirement
 12386 | D:13     | Acquired a +1 crystal plate armour
 12478 | D:13     | Slain by a skeletal warrior

Illustrated notes

Levels and vault maps discovered:
D:1:      dpeg_arrival_brainrot, layout_rooms, shapermc_ecumenical_altar_ellora,
          hangedman_decor_clover_reticule
D:2:      layout_loops_cross
D:3:      layout_loops_cross, led_sif_book, serial_shops, shop,
          nicolae_shop_hallway_plus, minmay_crystal_water, uniq_grinder
D:4:      layout_loops_ring, bloody_makhleb, serial_shops, shop
D:5:      layout_rooms
D:6:      kennysheep_slugbush, layout_basic, minmay_temple_entry_gardened_gates,
          serial_undead, serial_undead_f, serial_undead_e, serial_undead_c,
          serial_undead_d, serial_undead_b, serial_undead_c, serial_undead_b,
          serial_undead_b, hangedman_abyss_or_decor_stabs
D:7:      layout_cave_pools, yredelemnul_forgotten_temple_becter,
          nicolae_sextant
D:8:      layout_loops_ring, nicolae_ru_sacrificial_ziggurat,
          uniq_prince_ribbit1, uniq_pikel, uniq_maurice
D:9:      layout_basic, overflow_temple_1_default, minmay_misc_feat_x
D:10:     layout_long_grid, mainiacjoe_overflow_24_doors,
          nicolae_overflow_hallway_of_the_gods, david_lair_shrubbed,
          serial_rivers, chequers_serial_rivers_large_b,
          chequers_serial_rivers_marsh, chequers_serial_rivers_micro_a,
          chequers_serial_rivers_small_a, uniq_nergalle
D:11:     minmay_recursive_quarters, layout_basic, serial_shops, shop,
          st_stairs_9, grunt_decor_clamped, uniq_sonja
D:12:     layout_irregular_city, david_orc_5, uniq_frances
D:13:     layout_loops_ring, portal_ice_cave_entry_imps, nicolae_stop_n_shop_1
D:14:     layout_roguey, david_vaults_5, nemelex_diamond_rough_becter,
          uniq_snorg

Skill      XL: |  1  2  3  4  5  6  7  8  9 10 11 12 |
---------------+-------------------------------------+-----
Maces & Flails | 3 |  3.5
Dodging        | 3 4 |  4.9
Axes           | 2 3 5 7 9 11 12 14 | 14.3
Armour         | 1 2 3 4 5 |  5.8
Invocations    | 2 3 5 6 8 9 11 | 11.1
Fighting       | 4 5 6 7 |  7.6
Stealth        | 1 2 4 |  4.9
Shields        | 2 3 4 |  4.4
Evocations     | |  0.4

Action                     |  1- 3 |  4- 6 |  7- 9 | 10-12 || total
---------------------------+-------+-------+-------+-------++-------
  Melee: Mace              |    72 |       |       |       ||    72
         War axe           |     2 |    92 |   247 |   637 ||   978
         Unarmed           |       |       |       |    10 ||    10
  Throw: Dart              |       |       |       |     3 ||     3
 Invoke: Ancestor Life: He |     1 |       |       |       ||     1
         Ancestor Identity |     1 |       |       |       ||     1
         Idealise          |       |       |       |     2 ||     2
         Recall Ancestor   |       |       |       |     1 ||     1
  Evoke: Wand              |       |       |       |     3 ||     3
         Phial of floods   |       |       |       |     2 ||     2
    Use: Scroll            |     3 |     4 |     3 |    12 ||    22
   Stab: Confused          |     3 |       |     5 |    19 ||    27
         Distracted        |       |       |     8 |     8 ||    16
 Armour: Ring mail         |    24 |     3 |       |       ||    27
         Scale mail        |       |    23 |   103 |    80 ||   206
         Skin              |       |       |       |     1 ||     1
         Chain mail        |       |       |       |    37 ||    37
         Crystal plate arm |       |       |       |     2 ||     2
  Dodge: Dodged            |    44 |    29 |    93 |   146 ||   312
  Block: Orb               |       |    18 |     4 |       ||    22
         Buckler           |       |       |   103 |   205 ||   308
         Reflection        |       |       |     7 |    18 ||    25
